 Dungeon Crawl Stone Soup version 0.21.1-1-g345015f (webtiles) character file.

365 Fang the Chopper (level 6, -2/58 HPs)
             Began as a Gargoyle Berserker on May 17, 2018.
             Was a Priest of Trog.
             Slain by Mdefp3's ghost (4 damage)
             ... on level 4 of the Dungeon.
             The game lasted 00:04:43 (2967 turns).

Fang the Chopper (Gargoyle Berserker)               Turns: 2967, Time: 00:04:44

Health: -2/58      AC:  6    Str: 27    XL:     6   Next: 68%
Magic:  6/6        EV: 12    Int:  8    God:    Trog [***...]
Gold:   130        SH:  0    Dex:  9    Spells: 5/5 levels left

rFire    . . .     SeeInvis .   a - +0 hand axe
rCold    . . .     Gourm    +   (no shield)
rNeg     + . .     Faith    .   b - +0 animal skin
rPois    ∞         Spirit   .   (no helmet)
rElec    +         Reflect  .   (no cloak)
rCorr    .         Harm     .   (no gloves)
MR       .....                  (no boots)
Stlth    ..........             k - amulet of the gourmand
HPRegen  0.19/turn              (no ring)
MPRegen  0.10/turn              (no ring)

@: berserking (expiring), very quick
A: negative energy resistance 1, electricity resistance, unbreathing,
petrification resistance, rot immunity, AC +4
a: Berserk, Trog's Hand, Burn Spellbooks, Renounce Religion


You were on level 4 of the Dungeon.
You worshipped Trog.
Trog was most pleased with you.
You were not hungry.

You visited 1 branch of the dungeon, and saw 4 of its levels.

You collected 130 gold pieces.

Inventory:

Hand Weapons
 a - a +0 hand axe (weapon)
Missiles
 p - 7 javelins of penetration (quivered)
Armour
 b - a +0 animal skin (worn)
Jewellery
 h - a cursed ring of teleportation {unknown}
 k - an amulet of the gourmand (around neck)
Wands
 n - a wand of polymorph (17)
 o - a wand of enslavement (14)
Scrolls
 d - 4 scrolls of identify {unknown}
 f - a scroll of amnesia {unknown}
 g - 3 scrolls of teleportation {unknown}
 i - 2 scrolls of enchant armour {unknown}
 m - 2 scrolls of remove curse {unknown}
 q - a scroll of fear {unknown}
Potions
 e - 2 potions of flight {unknown}
 j - 4 potions of curing {unknown}
 l - a potion of heal wounds {unknown}
Comestibles
 c - 5 rations


   Skills:
 + Level 4.5 Fighting
 + Level 5.2 Axes
 + Level 2.2 Armour
 + Level 3.0 Dodging
 + Level 0.8 Stealth


You had 5 spell levels left.
You didn't know any spells.

Dungeon Overview and Level Annotations

Branches:
Dungeon (4/15)
 Temple: D:4-7

Altars:

Annotations:
D:4 Mdefp3's ghost, novice GnWn


Innate Abilities, Weirdness & Mutations

You are resistant to torment.
Your stone body is resilient. (AC +4)
You are immune to poison.
You resist negative energy. (rN+)
You are resistant to electric shocks. (rElec)
You can survive without breathing.
You are immune to petrification.
You are immune to rotting.


Message History

Your Dodging skill increases to level 3!
You hit Mdefp3's ghost but do no damage.
Mdefp3's ghost is lightly damaged.
Mdefp3's ghost hits you but does no damage.
Unknown command.
Unknown command.
You hit Mdefp3's ghost but do no damage.
Mdefp3's ghost is lightly damaged.
You hit Mdefp3's ghost but do no damage.
Mdefp3's ghost is lightly damaged.
Mdefp3's ghost completely misses you.
You slash Mdefp3's ghost!
Mdefp3's ghost is moderately damaged.
Mdefp3's ghost completely misses you.
You hit Mdefp3's ghost.
Mdefp3's ghost is moderately damaged.
You hit Mdefp3's ghost.
Mdefp3's ghost is heavily damaged.
Mdefp3's ghost hits you.
You die...

#... ####### #...
#.....# #... #.....#
##...##### #.....#
##........####.....#####
..........'...........>#
#.......!####......####
#....W@..# #..........
......).....##......####
.>.....?..#.##......#
...########+#######.# ..
#.# # #.# #.# #.# #+#


You could see Mdefp3's ghost.

Vanquished Creatures
  A centaur (D:4)
  A howler monkey (D:3)
  A worker ant (D:4)
  A hound skeleton (D:3)
  3 gnolls (D:3)
  6 adders
  An ooze (D:2)
  6 worms
  4 dart slugs
  3 leopard geckos
  2 orcs (D:3)
  6 bats
  3 giant cockroaches
  5 hobgoblins
  13 jackals
  2 quokkas
  A ball python (D:3)
  8 frilled lizards
  10 goblins
  5 kobolds
  A leopard gecko skeleton (D:4)
  13 rats
96 creatures vanquished.

Notes
Turn   | Place    | Note
-------+----------+-------------------------------------------
     0 | D:1      | Fang the Gargoyle Berserker began the quest for the Orb.
     0 | D:1      | Reached XP level 1. HP: 14/14 MP: 1/1
   115 | D:1      | Reached XP level 2. HP: 13/19 MP: 2/2
   121 | D:1      | Reached skill level 3 in Axes
   647 | D:1      | Reached XP level 3. HP: 21/24 MP: 3/3
   744 | D:2      | Reached ** piety under Trog
   924 | D:2      | Reached XP level 4. HP: 22/29 MP: 4/4
  1358 | D:2      | Reached skill level 4 in Axes
  1632 | D:3      | Reached XP level 5. HP: 33/33 MP: 5/5
  1794 | D:3      | Reached *** piety under Trog
  2222 | D:3      | Received a gift from Trog
  2303 | D:3      | Reached XP level 6. HP: 19/39 MP: 6/6
  2949 | D:4      | Noticed Mdefp3's ghost (novice GnWn)
  2960 | D:4      | HP: 2/58 [Mdefp3's ghost (4)]
  2961 | D:4      | Reached skill level 5 in Axes
  2967 | D:4      | Slain by Mdefp3's ghost

Skill      XL: |  1  2  3  4  5  6 |
---------------+-------------------+-----
Axes           | 3 4 5 |  5.2
Dodging        | 2 3 |  3.0
Fighting       | 4 |  4.5
Armour         | |  2.2
Stealth        | |  0.8

Action                   |  1- 3 |  4- 6 || total
-------------------------+-------+-------++-------
Melee: Hand axe          |    91 |   259 ||   350
Invok: Berserk           |     1 |     3 ||     4
  Eat: Chunk             |     1 |    12 ||    13
Armor: Animal skin       |    38 |    94 ||   132
Dodge: Dodged            |    79 |   157 ||   236
